 Dungeon Crawl Stone Soup version 0.30-a0-757-ga6a79fd877 (webtiles) character file.

Game seed: 598485839725008381

1868 cheesebisquit the Geomancer (level 9, -5/45 HPs)
             Began as a Gargoyle Earth Elementalist on Feb 9, 2023.
             Slain by Duvessa
             ... wielding a +3 short sword of venom
              (9 damage)
             ... on level 7 of the Dungeon.
             The game lasted 00:18:52 (6122 turns).

cheesebisquit the Geomancer (GrEE)                  Turns: 6122, Time: 00:18:53

Health: -5/45      AC: 16    Str: 12    XL:     9   Next: 13%
Magic:  9/18       EV: 11    Int: 20    God:
Gold:   109        SH:  5    Dex: 10    Spells: 17/21 levels left

rFire   . . .      SeeInvis .    p - +2 scimitar of Sugibre {flame, rN+}
rCold   . . .      Faith    .    (no shield)
rNeg    + + +      Spirit   .    w - +2 robe {rN+}
rPois   ∞          Reflect  +    (no helmet)
rElec   +          Harm     .    h - +2 cloak
rCorr   .          Rampage  .    x - +2 pair of gloves
Will    .....                    (no boots)
Stlth   ++                       f - amulet of reflection
HPRegen 0.27/turn                (no ring)
MPRegen 0.16/turn                (no ring)

@: no status effects
A: sickness immunity, AC +6, negative energy resistance 1, electricity
resistance, torment resistance 1, petrification resistance
a: no special abilities


You were on level 7 of the Dungeon.
You visited 2 branches of the dungeon, and saw 8 of its levels.

You collected 321 gold pieces.
You spent 212 gold pieces at shops.

Inventory:

Hand Weapons
 o - a +0 club
 p - the +2 scimitar of Sugibre (weapon) {flame, rN+}
   (You found it on level 2 of the Dungeon)

   rN:        It protects you from negative energy.
Missiles
 C - 7 poisoned darts
Armour
 h - a +2 cloak (worn)
 w - a +2 robe of positive energy (worn)
 x - a +2 pair of gloves (worn)
Jewellery
 f - an amulet of reflection (around neck)
Wands
 b - a wand of iceblast (9)
 u - a wand of polymorph (8)
Scrolls
 a - a scroll of immolation {unknown}
 g - 6 scrolls of teleportation
 i - a scroll of amnesia {unknown}
 j - 2 scrolls of magic mapping
 l - 3 scrolls of fog
 q - 3 scrolls of fear
 s - a scroll of silence {unknown}
 v - a scroll of noise
 y - a scroll of torment {unknown}
 z - 2 scrolls of poison
 A - a scroll of identify
 B - a scroll of enchant weapon {unknown}
Potions
 c - 3 potions of attraction
 d - 5 potions of curing
 e - a potion of ambrosia {unknown}
 k - 4 potions of mutation
 m - 2 potions of haste
 n - 3 potions of flight
 r - a potion of heal wounds {unknown}
 t - 3 potions of might


   Skills:
 - Level 1.5 Dodging
 - Level 2.1 Stealth
 + Level 6.5 Spellcasting
 + Level 6.7 Conjurations
 - Level 0.7 Transmutations
 + Level 9.0 Earth Magic


You had 17 spell levels left.
You knew the following spells:

 Your Spells              Type           Power      Damage    Failure   Level
a - Sandblast             Erth           84%        2d18      1%          1
b - Stone Arrow           Conj/Erth      76%        3d11      1%          3

Your spell library contained the following spells:

 Spells                   Type           Power      Damage    Failure   Level
 Passwall                 Tmut/Erth      21%        N/A       1%          2
 Slow                     Hex            24%        N/A       10%         1
 Petrify                  Tmut/Erth      26%        N/A       13%         4
 Ensorcelled Hibernation  Hex/Ice        12%        N/A       16%         2
 Leda's Liquefaction      Hex/Erth       12%        N/A       16%         4
 Spider Form              Tmut/Pois      8%         N/A       26%         3
 Call Canine Familiar     Summ           6%         N/A       30%         3
 Confusing Touch          Hex            6%         N/A       30%         3
 Portal Projectile        Hex/Tloc       12%        N/A       30%         3
 Swiftness                Air            6%         N/A       30%         3
 Vampiric Draining        Necr           6%         2d6       30%         3
 Anguish                  Hex/Necr       3%         N/A       69%         4
 Dispel Undead            Necr           6%         3d8       69%         4
 Summon Lightning Spire   Summ/Air       6%         N/A       69%         4
 Death Channel            Necr           3%         N/A       100%        6
 Storm Form               Tmut/Air       4%         N/A       100%        7
 Maxwell's Capacitive Co  Air            3%         ∞         100%        8
 Cigotuvi's Dreadful Rot  Necr/Pois/Air  Unusable   N/A       N/A         2

Dungeon Overview and Level Annotations

Branches:
Dungeon (7/15)             Temple (1/1) D:5

Altars:
Ashenzari
Cheibriados
Dithmenos
Elyvilon
Fedhas
Gozag
Hepliaklqana
Kikubaaqudgha
Makhleb
Nemelex Xobeh
Qazlal
Sif Muna
Trog
Uskayaw
Wu Jian
Xom

Shops:
D:1 *   D:5 *

Annotations:
D:5 3 runed translucent doors, Esekla's ghost, weakling OpDe
D:7 Duvessa


Innate Abilities, Weirdness & Mutations

You are immune to sickness and miasma.
Your stone body is resilient. (AC +6)
You are immune to poison.
You resist negative energy. (rN+)
You are resistant to electric shocks. (rElec)
You are resistant to unholy torment.
You are immune to petrification.


Message History

Duvessa misses you. Duvessa hits you but does no damage.
You are too injured to fight recklessly!
You are too injured to fight recklessly!
Aiming: Sandblast (safe; 1% risk of failure)
Press: ? - help, Q - select action, (/) - cycle Shift-Dir - straight line, f/p - Duvessa
Aim: Duvessa, wielding a +3 short sword of venom and wearing a +0 chain mail (moderately wounded, berserk, fast, 91% to hit)
Okay, then.
Okay, then.
You are too injured to fight recklessly!
Aiming: Sandblast (safe; 1% risk of failure)
Press: ? - help, Q - select action, (/) - cycle Shift-Dir - straight line, f/p - Duvessa
Aim: Duvessa, wielding a +3 short sword of venom and wearing a +0 chain mail (moderately wounded, berserk, fast, 91% to hit)
The blast of sand hits Duvessa.
Duvessa is moderately wounded.
Duvessa closely misses you. You block Duvessa's attack.
Aiming: Sandblast (safe; 1% risk of failure)
Press: ? - help, Q - select action, (/) - cycle Shift-Dir - straight line, f/p - Duvessa
Aim: Duvessa, wielding a +3 short sword of venom and wearing a +0 chain mail (moderately wounded, berserk, fast, 91% to hit)
The blast of sand hits Duvessa!
Duvessa is severely wounded.
You block Duvessa's attack.
Duvessa hits you with a +3 short sword of venom!
* * * LOW HITPOINT WARNING * * *
Aiming: Sandblast (safe; 1% risk of failure)
Press: ? - help, Q - select action, (/) - cycle Shift-Dir - straight line, f/p - Duvessa
Aim: Duvessa, wielding a +3 short sword of venom and wearing a +0 chain mail (severely wounded, berserk, fast, 91% to hit)
The blast of sand hits Duvessa.
Duvessa is severely wounded.
Duvessa barely misses you. Duvessa closely misses you.
Aiming: Sandblast (safe; 1% risk of failure)
Press: ? - help, Q - select action, (/) - cycle Shift-Dir - straight line, f/p - Duvessa
Aim: Duvessa, wielding a +3 short sword of venom and wearing a +0 chain mail (severely wounded, berserk, fast, 91% to hit)
The blast of sand hits Duvessa but does no damage.
Duvessa is severely wounded.
Duvessa hits you with a +3 short sword of venom.
* * * LOW HITPOINT WARNING * * *
Duvessa hits you with a +3 short sword of venom.
* * * LOW HITPOINT WARNING * * *
Duvessa hits you with a +3 short sword of venom!
You die...

# #≈≈≈≈≈≈≈ # #≈.....
...≈# ######≈....
...≈# .....#≈..#
#..≈# ######≈..#
#..≈# .....#≈..#
#..≈# ####.'†..#
#...+ ####.#≈..#
#)e≈# .....#≈..#
#@.≈#
######≈..#######..≈#
...###≈...........≈#
##...#≈...........≈#
###.#≈≈≈≈≈≈≈≈≈≈≈≈≈#
#################


You could see Duvessa (berserk, fast).

Vanquished Creatures
  Grinder (D:5)
  Prince Ribbit (D:5)
  Sigmund (D:3)
  A water moccasin (D:6)
  A black bear (D:7)
  2 ogres
  A phantom (D:6)
  A kobold brigand (D:7)
  A bullfrog (D:6)
  Dowan (D:7)
  A howler monkey (D:5)
  2 electric eels (D:7)
  4 hounds
  A jelly (D:4)
  3 orc priests (D:5)
  Jessica (D:3)
  Ijyb (D:4)
  2 iguanas (D:5)
  2 orc wizards (D:4)
  Robin (D:3)
  8 adders
  3 worms (D:2)
  2 dart slugs (D:3)
  19 orcs
  4 ball pythons
  5 bats
  9 endoplasms
  2 giant cockroaches
  17 goblins
  7 hobgoblins
  4 jackals (D:3)
  2 quokkas (D:4)
  A frilled lizard (D:1)
  7 kobolds
  6 rats
  A butterfly (D:5)
126 creatures vanquished.

Vanquished Creatures (others)
  A plant (D:5)
1 creature vanquished.

Grand Total: 127 creatures vanquished

Notes
Turn   | Place    | Note
-------+----------+-------------------------------------------
     0 | D:1      | cheesebisquit the Gargoyle Earth Elementalist began the
                  | quest for the Orb.
     0 | D:1      | Reached XP level 1. HP: 10/10 MP: 3/3
    42 | D:1      | Found Ynuohu's General Store.
   201 | D:1      | Reached skill level 4 in Earth Magic
   201 | D:1      | Reached XP level 2. HP: 14/15 MP: 0/5
   965 | D:2      | Identified the +2 scimitar of Sugibre {flame, rN+}
   974 | D:2      | Reached XP level 3. HP: 19/19 MP: 2/7
  1436 | D:2      | Learned a level 3 spell: Stone Arrow
  1520 | D:2      | Reached XP level 4. HP: 24/24 MP: 6/8
  1760 | D:3      | Noticed Robin
  1765 | D:3      | Killed Robin
  1778 | D:3      | Reached skill level 5 in Earth Magic
  1924 | D:3      | Reached skill level 1 in Conjurations
  2021 | D:3      | Noticed Sigmund
  2035 | D:3      | Killed Sigmund
  2036 | D:3      | Reached XP level 5. HP: 27/28 MP: 3/11
  2036 | D:3      | Reached XP level 6. HP: 31/32 MP: 3/12
  2252 | D:3      | Noticed Jessica
  2257 | D:3      | Killed Jessica
  2675 | D:4      | Reached skill level 6 in Earth Magic
  3261 | D:4      | Noticed Ijyb
  3282 | D:4      | Killed Ijyb
  3283 | D:4      | Reached XP level 7. HP: 33/36 MP: 9/13
  3377 | D:4      | Identified the +3 leather armour "Zali" {rC++ Str+3 Int-4}
  3865 | D:5      | Entered Level 5 of the Dungeon
  3981 | D:5      | Found a staircase to the Ecumenical Temple.
  3985 | Temple   | Entered the Ecumenical Temple
  4296 | D:5      | Found a blossoming altar of Fedhas.
  4322 | D:5      | Reached skill level 7 in Earth Magic
  4327 | D:5      | Reached skill level 5 in Spellcasting
  4389 | D:5      | Found Cafysm's Assorted Antiques.
  4397 | D:5      | Bought a scroll of identify for 40 gold pieces
  4397 | D:5      | Bought a scroll of fear for 80 gold pieces
  4397 | D:5      | Bought a red potion for 18 gold pieces
  4397 | D:5      | Bought a metallic sapphire potion for 18 gold pieces
  4397 | D:5      | Bought a scroll labelled IGRIXE JEICEOQ for 20 gold pieces
  4405 | D:5      | Noticed Grinder
  4407 | D:5      | Noticed Prince Ribbit
  4409 | D:5      | Paralysed by Grinder for 5 turns
  4419 | D:5      | Paralysed by Grinder for 4 turns
  4423 | D:5      | Killed Grinder
  4424 | D:5      | Reached skill level 5 in Conjurations
  4424 | D:5      | Reached XP level 8. HP: 41/41 MP: 8/16
  4435 | D:5      | Killed Prince Ribbit
  4561 | D:5      | Noticed Esekla's ghost (weakling OpDe)
  4603 | D:5      | Found a runed translucent gate.
  4603 | D:5      | Found a runed translucent gate.
  4603 | D:5      | Found a runed translucent gate.
  4667 | D:5      | Found a white marble altar of Elyvilon.
  4721 | D:5      | Found a shimmering altar of Xom.
  4727 | D:5      | Found an ancient bone altar of Kikubaaqudgha.
  4728 | D:5      | Found a shimmering blue altar of Sif Muna.
  4919 | D:6      | Reached skill level 8 in Earth Magic
  5131 | D:1      | Bought a scroll of teleportation for 36 gold pieces
  5398 | D:6      | Found an ornate altar of the Wu Jian Council.
  5973 | D:7      | Reached XP level 9. HP: 45/45 MP: 13/18
  6109 | D:7      | Noticed Dowan
  6110 | D:7      | Noticed Duvessa
  6115 | D:7      | Killed Dowan
  6116 | D:7      | Reached skill level 9 in Earth Magic
  6122 | D:7      | Slain by Duvessa

Illustrated notes

Levels and vault maps discovered:
D:1:      tarquinn_simple_flora_water_e, layout_loops_ring, serial_shops,
          nicolae_shop_hallway_plus
D:2:      layout_basic
D:3:      layout_loops_ring, minivault_14, reono_crystal_passage, minivault_11,
          minmay_starry_boxes, uniq_sigmund, uniq_robin, uniq_jessica
D:4:      layout_basic, uniq_ijyb
D:5:      layout_cave_pools, nicolae_elyvilon_peaceful_grove, fedhas_altar_1,
          gammafunk_temple_overflow_forgotten, minmay_temple_entry_glassed_door,
          serial_shops, shop, gammafunk_ghost_icy, nicolae_figureground_pulse,
          uniq_prince_ribbit1, uniq_grinder
D:6:      layout_basic, nzn_wu_jian_contemplation
D:7:      layout_basic, kennysheep_path_1, minmay_fire_ice_demons,
          uniq_menkaure, uniq_duvessa
Temple:   eino_wide_crystal_templ

Skill      XL: |  1  2  3  4  5  6  7  8  9 |
---------------+----------------------------+-----
Earth Magic    | 4 5 6 7 8 9 |  9.0
Spellcasting   | 3 4 5 6 |  6.5
Conjurations   | 2 3 5 6 |  6.7
Dodging        | |  1.5
Stealth        | |  2.1
Transmutations | |  0.7

Action                     |  1- 3 |  4- 6 |  7- 9 || total
---------------------------+-------+-------+-------++-------
  Melee: Dagger            |     7 |       |       ||     7
         Scimitar          |     1 |    11 |     1 ||    13
   Cast: Sandblast         |    41 |    78 |    93 ||   212
    Use: Potion            |       |     1 |       ||     1
         Scroll            |       |       |    14 ||    14
 Armour: Robe              |     4 |    20 |    23 ||    47
  Dodge: Dodged            |     8 |    24 |    21 ||    53
  Block: Other             |       |       |     7 ||     7
         Reflection        |       |       |     1 ||     1

Table legend: (Time is in decaauts)
 A = Elapsed time spent in this place.
 B = Non-inter-level travel time spent in this place.
 C = Inter-level travel time spent in this place.
 D = Time resting spent in this place.
 E = Time spent auto-exploring this place.
 F = Levels seen in this place.
 G = Mean time per level.
                   A        B        C        D        E       F      G
               +--------+--------+--------+--------+--------+-----+--------+
         Total |   6234 |   5591 |    643 |    104 |   4597 |   8 |  779.2 |
       Dungeon |   6115 |   5493 |    622 |    104 |   4507 |   7 |  873.6 |
        Temple |    118 |     97 |     21 |      0 |     90 |   1 |  118.0 |
               +--------+--------+--------+--------+--------+-----+--------+

Top non-repeatable levels by time:
     D:4: 1425 daAuts
     D:3: 1048 daAuts
     D:5: 940 daAuts
     D:2: 914 daAuts
     D:1: 909 daAuts
     D:6: 651 daAuts
     D:7: 225 daAuts
  Temple: 118 daAuts
